 Dungeon Crawl Stone Soup version 0.26-a0-224-g2964c8cf50 (webtiles) character file.

Game seed: 7119649868739366850

1444 Isaac123 the Gusty (level 8, -3/66 HPs)
             Began as a Green Draconian Air Elementalist on July 6, 2020.
             Was an Initiate of Vehumet.
             Slain by Edmund
             ... wielding a +1 dire flail of protection
              (7 damage)
             ... on level 5 of the Dungeon on July 7, 2020.
             The game lasted 00:43:11 (6515 turns).

Isaac123 the Gusty (DrAE)                           Turns: 6515, Time: 00:43:12

Health: -3/66      AC:  6    Str: 11    XL:     8   Next: 46%
Magic:  0/15       EV: 12    Int: 17    God:    Vehumet [......]
Gold:   304        SH:  0    Dex: 12    Spells: 7/17 levels left

rFire    . . .     SeeInvis .   e - +0 short sword
rCold    . . .     Faith    .   (no shield)
rNeg     . . .     Spirit   .   (armour unavailable)
rPois    +         Reflect  .   (helmet restricted)
rElec    .         Harm     .   (no cloak)
rCorr    .                      (no gloves)
MR       +....                  (no boots)
Stlth    ++........             (no amulet)
HPRegen  0.21/turn              t - ring of protection from magic
MPRegen  0.14/turn              (no ring)

@: no status effects
A: breathe noxious fumes, unfitting armour, poison resistance, cold-blooded, AC
+6
a: Breathe Noxious Fumes, Renounce Religion


You were on level 5 of the Dungeon.
You worshipped Vehumet.
Vehumet was noncommittal.
You were not hungry.

You visited 2 branches of the dungeon, and saw 6 of its levels.

You collected 304 gold pieces.

Inventory:

Hand Weapons
 e - a +0 short sword (weapon)
Jewellery
 t - a ring of protection from magic (left hand)
Wands
 s - a wand of polymorph (9)
 v - a wand of flame (21)
Scrolls
 a - a scroll of enchant weapon {unknown}
 c - 5 scrolls of remove curse
 d - 2 scrolls of noise
 g - a scroll of teleportation
 i - 3 scrolls of enchant armour
 k - 5 scrolls of identify {unknown}
 l - 4 scrolls of magic mapping {unknown}
 n - 2 scrolls of amnesia {unknown}
 q - a scroll of fog {unknown}
 u - 2 scrolls of fear {unknown}
Potions
 f - a potion of haste {unknown}
 h - 2 potions of brilliance {unknown}
 j - 2 potions of curing {unknown}
 m - a potion of mutation {unknown}
 o - 3 potions of heal wounds {unknown}
 p - a potion of ambrosia {unknown}
 r - a potion of berserk rage {unknown}
Comestibles
 b - 8 rations


   Skills:
 + Level 4.1 Fighting
 - Level 1.7 Dodging
 - Level 1.7 Stealth
 + Level 5.1 Spellcasting
 + Level 4.5 Conjurations
 - Level 2.5 Charms
 * Level 6.8 Air Magic


You had 7 spell levels left.
You knew the following spells:

 Your Spells              Type           Power        Failure   Level
a - Shock                 Conj/Air       ###.         1%          1
b - Swiftness             Chrm/Air       ###.....     3%          2
c - Static Discharge      Conj/Air       ###.....     4%          3
d - Airstrike             Air            ####......   9%          4

Your spell library contained the following spells:

 Spells                   Type           Power        Failure   Level
 Lightning Bolt           Conj/Air       ###.......   36%         5


Dungeon Overview and Level Annotations

Branches:
Dungeon (5/15)             Temple (1/1) D:5

Altars:
Ashenzari
Cheibriados
Dithmenos
Fedhas
Gozag
Hepliaklqana
Makhleb
Nemelex Xobeh
Okawaru
Qazlal
Ru
Sif Muna
Trog
Uskayaw
Vehumet
Wu Jian
Xom
Yredelemnul
The Shining One

Shops:
D:5 *

Annotations:
D:4 2 transporters
D:5 Edmund


Innate Abilities, Weirdness & Mutations

You can breathe blasts of noxious fumes.
Your lurid green scales are hard. (AC +6)
You cannot fit into any form of body armour.
Your system is resistant to poisons. (rPois)
You are cold-blooded and may be slowed by cold attacks.


Message History

* * * LOW HITPOINT WARNING * * *
You hit Edmund but do no damage. You tail-slap Edmund, but do no damage.
Edmund is almost dead.
Edmund hits you with a +1 dire flail of protection.
* * * LOW HITPOINT WARNING * * *
Casting: Shock (safe; 1% risk of failure)
Confirm with . or Enter, or press ? or * to list all spells.
Aiming: Shock (safe; 1% risk of failure)
Press: ? - help, Shift-Dir - straight line The zap misses Edmund.
Edmund hits you with a +1 dire flail of protection.
* * * LOW HITPOINT WARNING * * *
You hit Edmund.
Edmund is almost dead.
Edmund hits you with a +1 dire flail of protection!
* * * LOW HITPOINT WARNING * * *
You barely miss Edmund.
Edmund is almost dead.
Edmund hits you with a +1 dire flail of protection!
You die...

# #. # #.########
##############
#.#........###.............
###.#.#..##.@@...#........###
(...........####...######†#
........P..# #.### #.#
#....P∩..## #.# #.#
##<...PP..# #.# #(###
#.........#####.# #....
#...........@...# #####
#..............##
##.#...÷#######.#


You could see Edmund.

Vanquished Creatures
  2 sky beasts (D:5)
  3 phantoms
  An ogre (D:3)
  3 scorpions (D:5)
  A bullfrog zombie (D:5)
  An orc priest (D:5)
  4 hounds (D:5)
  3 iguanas
  Ijyb (D:5)
  Natasha (thrice) (D:2)
  5 orc wizards
  3 worker ants
  4 gnolls (D:3)
  6 adders
  A white imp (D:5)
  An adder skeleton (D:4)
  2 worms (D:4)
  2 dart slugs
  2 leopard geckos
  11 orcs
  2 ball pythons
  3 giant cockroaches
  11 goblins
  7 hobgoblins
  8 jackals
  2 quokkas
  5 bats
  3 frilled lizards
  7 kobolds
  A leopard gecko skeleton (D:4)
  6 rats
114 creatures vanquished.

Notes
Turn   | Place    | Note
-------+----------+-------------------------------------------
     0 | D:1      | Isaac123 the Draconian Air Elementalist began the quest for
                  | the Orb.
     0 | D:1      | Reached XP level 1. HP: 14/14 MP: 3/3
   474 | D:1      | Reached XP level 2. HP: 20/20 MP: 0/5
  1253 | D:2      | Noticed Natasha
  1259 | D:2      | Noticed a crimson imp
  1260 | D:2      | Noticed a crimson imp
  1260 | D:2      | Killed Natasha
  1260 | D:2      | Reached skill level 4 in Air Magic
  1260 | D:2      | Reached XP level 3. HP: 26/26 MP: 2/6
  1448 | D:2      | Learned a level 2 spell: Swiftness
  1463 | D:2      | Noticed Natasha
  1479 | D:2      | Killed Natasha
  1479 | D:2      | Reached XP level 4. HP: 25/33 MP: 1/7
  1551 | D:2      | Noticed Natasha
  1576 | D:2      | Killed Natasha
  2314 | D:3      | Reached XP level 5. HP: 38/38 MP: 5/9
  2560 | D:3      | Learned a level 3 spell: Static Discharge
  3158 | D:3      | Reached skill level 5 in Air Magic
  3357 | D:4      | Found a burning altar of Makhleb.
  3357 | D:4      | Found a sparkling altar of Nemelex Xobeh.
  3363 | D:4      | Noticed a troll
  3368 | D:4      | Noticed an ogre
  3369 | D:4      | Found a transporter.
  3369 | D:4      | Noticed an ogre
  3405 | D:3      | Killed an ogre
  3405 | D:3      | Reached skill level 1 in Charms
  3405 | D:3      | Reached XP level 6. HP: 19/46 MP: 5/10
  3630 | D:4      | Found a transporter.
  3726 | D:4      | Reached skill level 1 in Fighting
  4053 | D:4      | Your scales start taking on a lurid green colour.
  4053 | D:4      | Reached XP level 7. HP: 53/53 MP: 0/12
  4053 | D:4      | Gained mutation: Your system is resistant to poisons.
                  | (rPois) [Green Draconian growth]
  4722 | D:5      | Entered Level 5 of the Dungeon
  4918 | D:5      | Found a staircase to the Ecumenical Temple.
  4933 | Temple   | Entered the Ecumenical Temple
  5354 | Temple   | Became a worshipper of Vehumet
  5568 | D:5      | Learned a level 4 spell: Airstrike
  5646 | D:5      | Reached skill level 6 in Air Magic
  5646 | D:5      | Reached XP level 8. HP: 63/63 MP: 7/14
  5701 | D:5      | Found a sacrificial altar of Ru.
  5812 | D:5      | Noticed Ijyb
  5821 | D:5      | Killed Ijyb
  6068 | D:5      | Found a shimmering blue altar of Sif Muna.
  6206 | D:5      | Reached skill level 5 in Spellcasting
  6401 | D:5      | Found Ypue's Assorted Antiques.
  6426 | D:5      | Noticed Edmund
  6514 | D:5      | HP: 3/66 [Edmund/+1 dire flail of protection (8)]
  6515 | D:5      | Slain by Edmund

Illustrated notes

Levels and vault maps discovered:
D:1:      minmay_arrival_cross, layout_loops_ring, hangedman_feature_mirror
D:2:      kennysheep_the_goblin_king, layout_basic, first_ration, uniq_natasha
D:3:      layout_basic
D:4:      layout_loops_ring, gammafunk_temple_overflow_arena
D:5:      layout_loops_ring, marbit_many_paths,
          minmay_temple_entry_gardened_gates, serial_shops,
          nicolae_shop_overgrown_old_shop, nicolae_ru_great_annihilating_truth,
          uniq_edmund, uniq_ijyb
Temple:   minmay_temple_bridge_d

Skill      XL: |  1  2  3  4  5  6  7  8 |
---------------+-------------------------+-----
Air Magic      | 4 5 6 |  6.8
Conjurations   | 2 3 4 |  4.5
Spellcasting   | 3 4 5 |  5.1
Charms         | 1 2 |  2.5
Fighting       | 1 3 4 |  4.1
Dodging        | |  1.7
Stealth        | |  1.7

Action                   |  1- 3 |  4- 6 |  7- 9 || total
-------------------------+-------+-------+-------++-------
Melee: Short sword       |     3 |     5 |    16 ||    24
       Tailslap          |       |       |     4 ||     4
       Unarmed           |       |       |    10 ||    10
 Cast: Shock             |    60 |   122 |   146 ||   328
       Swiftness         |       |     3 |       ||     3
       Airstrike         |       |       |     2 ||     2
 Abil: Breathe Noxious F |       |       |     3 ||     3
  Use: Scroll            |       |       |     4 ||     4
 Stab: Confused          |       |       |     2 ||     2
  Eat: Ration            |     1 |     2 |     2 ||     5
Armor: Skin              |     1 |     8 |    16 ||    25
Dodge: Dodged            |    15 |    14 |    44 ||    73

Table legend:
 A = Non-vault XP
 B = Vault XP
 C = Vault XP percentage of total XP
 D = Non-vault monster count
 E = Vault monster count
 F = Vault count percentage of total count
                 A         B        C        D         E       F
            +---------+---------+-------+---------+---------+-------
      Total |    1877 |     186 |   9.0 |      94 |      20 |  17.5
            +---------+---------+-------+---------+---------+-------
        D:1 |      25 |      11 |  30.6 |      16 |       6 |  27.3
        D:2 |      79 |      47 |  37.3 |       9 |       8 |  47.1
        D:3 |     277 |       0 |   0.0 |      27 |       0 |   0.0
        D:4 |     472 |       0 |   0.0 |      20 |       0 |   0.0
        D:5 |     988 |     128 |  11.5 |      21 |       6 |  22.2
     Temple |      36 |       0 |   0.0 |       1 |       0 |   0.0
            +---------+---------+-------+---------+---------+-------
